 Dungeon Crawl Stone Soup version 0.22.1 (webtiles) character file.

494 Ghost6211 the Shield-Bearer (level 7, -3/49 HPs)
             Began as an Octopode Fighter on Sept 17, 2018.
             Was an Initiate of Qazlal.
             Slain by a sky beast (5 damage)
             ... on level 5 of the Dungeon.
             The game lasted 00:07:20 (3247 turns).

Ghost6211 the Shield-Bearer (Octopode Fighter)      Turns: 3247, Time: 00:07:20

Health: -3/49      AC:  1    Str: 17    XL:     7   Next: 15%
Magic:  8/8        EV: 12    Int: 11    God:    Qazlal [......]
Gold:   181        SH: 10    Dex: 11    Spells: 6/6 levels left

rFire    . . .     SeeInvis .   a - +0 flail
rCold    + . .     Gourm    .   b - +0 shield
rNeg     . . .     Faith    .   (helmet restricted)
rPois    .         Spirit   .   (no amulet)
rElec    .         Reflect  .   (no ring)
rCorr    .         Harm     .   (no ring)
MR       .....     Rnd*Rage +   (no ring)
Stlth    ++........             (no ring)
HPRegen  0.16/turn              (no ring)
MPRegen  0.11/turn              (no ring)
                                (no ring)
                                (no ring)

@: no status effects
A: almost no armour, stealthy swim, amphibious, 8 rings, constrict 8, tentacle
spike 1, camouflage 1, berserk 1, cold resistance 1, gelatinous body 1
a: Renounce Religion


You were on level 5 of the Dungeon.
You worshipped Qazlal.
Qazlal was noncommittal.
You were full.

You visited 2 branches of the dungeon, and saw 6 of its levels.

You collected 271 gold pieces.
You spent 90 gold pieces at shops.

Inventory:

Hand Weapons
 a - a +0 flail (weapon)
Missiles
 i - 124 stones (quivered)
Armour
 b - a +0 shield (worn)
Jewellery
 g - a cursed -4 ring of intelligence
 v - a +2 ring of evasion {unknown}
Wands
 u - a wand of flame (22)
Scrolls
 e - a scroll of immolation {unknown}
 f - 3 scrolls of identify
 h - 3 scrolls of noise {unknown}
 k - a scroll of enchant armour {unknown}
 l - 2 scrolls of remove curse {unknown}
 m - 2 scrolls of teleportation {unknown}
 o - a scroll of fear {unknown}
 r - a scroll of fog {unknown}
 s - a scroll of amnesia {unknown}
Potions
 c - 3 potions of might
 j - a potion of mutation
 n - 2 potions of curing
 p - a potion of cancellation {unknown}
 q - a potion of lignification {unknown}
 t - a potion of flight {unknown}
Comestibles
 d - 6 rations


   Skills:
 + Level 4.5 Fighting
 + Level 3.9 Maces & Flails
 - Level 3.0 Dodging
 * Level 5.8 Shields
 + Level 1.9 Invocations


You had 6 spell levels left.
You didn't know any spells.
Your spell library was empty.

Dungeon Overview and Level Annotations

Branches:
Dungeon (5/15)             Temple (1/1) D:4

Altars:
Ashenzari
Cheibriados
Dithmenos
Elyvilon
Fedhas
Gozag
Hepliaklqana
Kikubaaqudgha
Makhleb
Nemelex Xobeh
Qazlal
Ru
Sif Muna
Trog
Uskayaw
Vehumet
Wu Jian
Xom
Yredelemnul
Zin
The Shining One


Innate Abilities, Weirdness & Mutations

You cannot wear most types of armour.
You are very stealthy in the water. (Stealth+)
You are amphibious.
You can wear up to eight rings at the same time.
You can use your tentacles to constrict eight enemies at once.
Your skin changes colour to match your surroundings (Stealth+).
Your rubbery body absorbs attacks. (AC +1, EV +1)
One of your tentacles bears a spike.
You tend to lose your temper in combat.
Your flesh is cold resistant. (rC+)


Message History

No target in view!
No target in view!
You miss something.
Your tentacle spike misses something.
You block something's attack.
You barely miss something. Something completely misses you. Something hits you.
Something shocks you.
You miss something. You block something's attack.
You hit something.
Your tentacle spike misses something.
Something hits you. Something shocks you.
* * * LOW HITPOINT WARNING * * *
You closely miss something. Your squeeze misses something.
You block something's attack. Something hits you.
* * * LOW HITPOINT WARNING * * *
Something shocks you.
* * * LOW HITPOINT WARNING * * *
You barely miss something.
Your tentacle spike misses something.
Something hits you.
* * * LOW HITPOINT WARNING * * *
Something shocks you.
You die...

###..#####......####.#
##..## ####..†.##..#
#..## ##....#..# #..#
##......# ####
#......# ##......#
##.......#
..#######........#
......{@.........#
.....#.......##..##
.## ############.# ###


There were no monsters in sight!

Vanquished Creatures
  The ghost of kalagan the Firebug, an amateur DEFE (D:4)
  A howler monkey (D:4)
  2 hounds
  3 orc priests
  2 orc wizards
  Terence (D:2)
  4 adders
  2 dart slugs
  3 leopard geckos
  8 orcs
  4 bats
  5 giant cockroaches
  8 hobgoblins
  6 jackals
  5 kobolds
  5 quokkas
  2 ball pythons (D:1)
  9 frilled lizards
  8 goblins
  A leopard gecko zombie (D:5)
  6 rats
86 creatures vanquished.

Notes
Turn   | Place    | Note
-------+----------+-------------------------------------------
     0 | D:1      | Ghost6211 the Octopode Fighter began the quest for the Orb.
     0 | D:1      | Reached XP level 1. HP: 16/16 MP: 1/1
   312 | D:1      | Reached XP level 2. HP: 21/21 MP: 2/2
   487 | D:1      | You fall through a shaft!
   545 | D:2      | Reached XP level 3. HP: 11/26 MP: 3/3
  1019 | D:2      | Noticed Terence
  1025 | D:2      | Killed Terence
  1025 | D:2      | Reached skill level 4 in Shields
  1025 | D:2      | Reached XP level 4. HP: 14/31 MP: 4/4
  1690 | D:3      | Reached XP level 5. HP: 35/37 MP: 5/5
  1988 | D:4      | Found a shimmering altar of Xom.
  2112 | D:4      | Found a staircase to the Ecumenical Temple.
  2134 | D:4      | Reached skill level 5 in Shields
  2141 | Temple   | Entered the Ecumenical Temple
  2273 | Temple   | Became a worshipper of Qazlal Stormbringer
  2356 | D:4      | Found a sparkling altar of Nemelex Xobeh.
  2379 | D:4      | Found a radiant altar of Vehumet.
  2385 | D:4      | Reached XP level 6. HP: 32/43 MP: 6/6
  2432 | D:4      | Gained mutation: You tend to lose your temper in combat.
                  | [potion of mutation]
  2432 | D:4      | Gained mutation: One of your tentacles bears a spike.
                  | [potion of mutation]
  2432 | D:4      | Gained mutation: Your flesh is cold resistant. (rC+)
                  | [potion of mutation]
  2483 | D:4      | Found a runed gate.
  2483 | D:4      | Found a runed gate.
  2483 | D:4      | Found a runed gate.
  2488 | D:4      | Noticed kalagan's ghost (amateur DEFE)
  2737 | D:4      | Killed kalagan's ghost
  2737 | D:4      | Reached skill level 1 in Invocations
  2929 | D:5      | Entered Level 5 of the Dungeon
  2965 | D:5      | Found Zin's Purification Station.
  2968 | D:5      | Found a glowing silver altar of Zin.
  2971 | D:5      | Bought a potion of curing for 90 gold pieces
  3034 | D:5      | Reached XP level 7. HP: 31/49 MP: 8/8
  3247 | D:5      | HP: 2/49 [something (2)]
  3247 | D:5      | Slain by a sky beast

Skill      XL: |  1  2  3  4  5  6 |
---------------+-------------------+-----
Shields        | 4 5 |  5.8
Maces & Flails | 3 |  3.9
Fighting       | 4 |  4.5
Invocations    | 1 |  1.9
Dodging        | |  3.0

Action                   |  1- 3 |  4- 6 |  7- 9 || total
-------------------------+-------+-------+-------++-------
Melee: Flail             |    57 |   107 |    20 ||   184
       Constrict         |    15 |    31 |     3 ||    49
       Tentacles         |    12 |    22 |     2 ||    36
       Kick              |       |     3 |     2 ||     5
  Use: Scroll            |       |     1 |       ||     1
       Potion            |       |     3 |       ||     3
 Stab: Sleeping          |     4 |     3 |       ||     7
  Eat: Chunk             |       |     5 |       ||     5
       Ration            |       |     2 |       ||     2
Armor: Skin              |     1 |     5 |       ||     6
Dodge: Dodged            |    23 |    48 |     5 ||    76
Block: Shield            |    23 |    47 |    14 ||    84
